 Dungeon Crawl Stone Soup version 0.30.1-4-g462c640d31 (webtiles) character file.

Game seed: 12716924331238349195

21071 Amplified the Basher (level 12, -4/76 HPs)
             Began as a Demonspawn Reaver on Sept 9, 2023.
             Was an Elder of Wu Jian.
             Slain by an orange demon (7 damage)
             ... led by a cacodemon
             ... on level 2 of the Abyss.
             The game lasted 00:20:13 (10331 turns).

Amplified the Basher (Demonspawn Reaver)           Turns: 10331, Time: 00:20:14

Health: -4/76      AC:  8    Str:  9    XL:     12   Next: 50%
Magic:  19/19      EV: 14    Int: 11    God:    Wu Jian [****..]
Gold:   798        SH:  0    Dex: 20    Spells: 15/27 levels left

rFire   + . .        A - +7 Spriggan's Knife {stab, EV+4 Stlth+}
rCold   . . .        (no shield)
rNeg    . . .        x - +3 ring mail {rF+}
rPois   .            u - +2 hat
rElec   .            (no cloak)
rCorr   .            (gloves unavailable)
SInv    .            E - +0 pair of boots
Will    .....        (no amulet)
Stlth   +++++        s - +6 ring of dexterity
HPRegen 0.32/turn    d - ring of wizardry
MPRegen 0.16/turn

%: random rage (9%), wizardry (x1)
@: lethally poisoned (-4 -> -18), about to teleport, on berserk cooldown,
slowed, very slow
A: thin skeletal structure 1, demonic guardian 1, spiny 1, bedeviling, demonic
touch 3, [berserk 2], [clumsy 2], [deformed body], [dopey 2], [frail 2], [low MP
2], ([teleportitis 2]), [weak 2], subdued magic 1[+2]
a: Renounce Religion, Wall Jump, Serpent's Lash


You were on level 2 of the Abyss.
You worshipped Wu Jian.
Wu Jian was greatly pleased with you.
You visited 1 branch of the dungeon, and saw 11 of its levels.
You visited the Abyss 1 time.
You also visited: Bailey.

You collected 798 gold pieces.

Inventory:

Hand Weapons
 a - a +0 mace
 c - a +2 whip of flaming
 A - the +7 Spriggan's Knife (weapon) {stab, EV+4 Stlth+}
   (You found it on level 10 of the Dungeon)

   Stab:      It is more effective when stabbing unaware enemies, sometimes
   treating them as though they were completely helpless.
   EV:        It affects your evasion (+4).
   Stlth:     It makes you more stealthy.
Missiles
 f - 25 poisoned darts (quivered)
Armour
 b - a +0 helmet
 u - a +2 hat (worn)
 x - a +3 ring mail of fire resistance (worn)
 z - a +0 pair of gloves
 E - a +0 pair of boots (worn)
 J - a +3 ring mail of willpower
Jewellery
 d - a ring of wizardry (right hand)
 s - a +6 ring of dexterity (left hand)
 v - a ring of flight
 H - a ring of ice
Wands
 w - a wand of mindburst (12)
 B - a wand of roots (5)
 I - a wand of polymorph (3)
 K - a wand of digging (2)
 M - a wand of flame (12)
Scrolls
 g - 3 scrolls of fog
 l - 2 scrolls of enchant armour
 m - 2 scrolls of vulnerability
 p - 10 scrolls of teleportation
 r - a scroll of fear
 y - 4 scrolls of amnesia
 D - a scroll of blinking
 L - 2 scrolls of immolation
Potions
 e - 2 potions of mutation
 h - 2 potions of curing
 i - 2 potions of ambrosia
 j - 2 potions of lignification
 k - 2 potions of attraction
 n - 2 potions of degeneration {unknown}
 o - 2 potions of resistance {unknown}
 q - 5 potions of brilliance
 t - a potion of heal wounds
 C - 3 potions of might {unknown}
 F - 4 potions of magic {unknown}
 G - 2 potions of cancellation


   Skills:
 - Level 9.1 Fighting
 * Level 5.3 Short Blades
 - Level 11.8 Maces & Flails
 - Level 1.7 Dodging
 - Level 6.3 Stealth
 - Level 8.3 Spellcasting
 - Level 3.0 Conjurations
 - Level 1.6 Hexes
 - Level 1.8 Summonings
 - Level 6.4 Necromancy


You had 15 spell levels left.
You knew the following spells:

 Your Spells              Type           Power      Damage    Failure   Level
a - Kiss of Death         Conj/Necr      28%        2d7       1%          1
b - Necrotise             Necr           36%        1d5       1%          1
c - Vampiric Draining     Necr           9%         2d6       1%          3
d - Summon Guardian Gole  Hex/Summ       6%         N/A       17%         3
e - Dispel Undead         Necr           9%         3d8       8%          4

Your spell library contained the following spells:

 Spells                   Type           Power      Damage    Failure   Level
 Magic Dart               Conj           20%        1d4       2%          1
 Summon Small Mammal      Summ           16%        N/A       4%          1
 Searing Ray              Conj           10%        2d4       4%          2
 Cigotuvi's Dreadful Rot  Necr/Pois/Air  8%         N/A       6%          2
 Momentum Strike          Conj/Tloc      8%         3d8       9%          2
 Freeze                   Ice            8%         1d3       12%         1
 Call Canine Familiar     Summ           4%         N/A       16%         3
 Hailstorm                Conj/Ice       4%         3d4       19%         3
 Agony                    Necr           9%         N/A       22%         5
 Frozen Ramparts          Ice            4%         1d1       34%         3
 Fulminant Prism          Conj/Hex       3%         3d5       43%         4
 Death Channel            Necr           4%         N/A       78%         6


Dungeon Overview and Level Annotations

Branches:
Dungeon (11/15)            Temple (0/1) D:7            Lair (0/5) D:10
 Bailey (visited)
    Orc: D:9-12

Altars:
Ashenzari
Cheibriados
Dithmenos
Fedhas
Gozag
Kikubaaqudgha
Makhleb
Qazlal
Sif Muna
Trog
Uskayaw
Wu Jian
Xom
Yredelemnul

Annotations:
D:8 exclusion: ice statue
D:11 Erolcha


Innate Abilities, Weirdness & Mutations

You have a somewhat thin skeletal structure. (Dex +2, Stealth+)
A weak demonic guardian rushes to your aid.
You are partially covered in sharp spines.
Your hexes are more powerful.
Your touch may irresistibly damage your foes and sap their willpower.
[You have an uncontrollable temper.]
[You are very clumsy. (Dex -4)]
[Armour fits poorly on your strangely shaped body.]
[You are very dopey. (Int -4)]
[You are very frail. (-20% HP)]
[Your magical capacity is very low. (-20% MP)]
[((You are often teleported next to monsters.))]
[You are very weak. (Str -4)]
[Your spells are much easier to cast, but much less powerful.]


Message History

You are too confused!
Unknown command.
Okay, then.
You are too confused!
Unknown command.
You're too confused to move!
The orange demon stings you from afar.
The cacodemon gestures next to the orange demon.
You hear a grinding noise.
Unknown command.
You feel better. The orange demon misses you.
The orange demon closely misses you. The cacodemon is struck by your spines.
The cacodemon hits you but does no damage.
The cacodemon barely misses you.
Okay, then.
As you read the scroll of teleportation, it crumbles to dust.
You feel strangely unstable.
You feel the power of the Abyss delaying your translocation!
The orange demon stings you from afar! x2
* * * LOW HITPOINT WARNING * * *
The cacodemon misses you. x2
You are too injured to fight recklessly!
Unknown command.
Okay, then.
You feel much better. The cacodemon gestures at you.
You feel yourself slow down.
The orange demon stings you but does no damage.
The orange demon stings you from afar.
You are poisoned.
The orange demon poisons you!
You hit the cacodemon but do no damage.
The cacodemon is severely wounded.
You feel very sick.
The orange demon stings you but does no damage.
The cacodemon hits you!
* * * LOW HITPOINT WARNING * * *
The cacodemon hits you!
* * * LOW HITPOINT WARNING * * *
The orange demon stings you from afar!
You die...

.. ## #
#.#
#.## .
#..# .
# #. #
###
#.##
#.#. #
.## # .
##.#.
.## #.#
##@##
X# . #
#.#2#.#
. #
#..44#
. #
####..#
.#
#...###
#
##.###
## . .
. .# .
. #


You could see a cacodemon and 2 orange demons.

Vanquished Creatures
  Gastronok (D:9)
  3 two-headed ogres
  A wretched star (Abyss:2)
  An orc knight (Bailey)
  Pikel (D:4)
  A cyclops (D:11)
  Joseph (D:7)
  2 kobold demonologists
  2 trolls
  A hornet (D:8)
  Grinder (D:3)
  A vampire (D:10)
  14 yaks
  A wraith (D:11)
  A chaos spawn (D:11)
  4 vampire mosquitoes (D:11)
  Menkaure (D:5)
  3 acid dragons
  3 water moccasins
  2 black bears (D:7)
  2 ice beasts
  3 orc warriors
  3 sky beasts (D:7)
  An ogre (D:5)
  6 centaurs
  A phantom (D:5)
  A kobold brigand (D:10)
  3 bullfrogs
  A gnoll sergeant (D:11)
  3 scorpions
  2 small abominations (Abyss:2)
  7 killer bees
  A gnoll bouda (D:8)
  A quasit (D:11)
  3 sleepcaps
  4 orc priests
  Jessica (D:3)
  Ijyb (D:5)
  3 iguanas
  7 orc wizards
  Natasha (thrice) (D:3)
  16 gnolls
  2 adders
  A shadow imp (D:8)
  2 white imps
  A worm (D:5)
  4 dart slugs
  38 orcs
  8 bats
  5 endoplasms
  A giant cockroach (D:3)
  10 goblins
  9 hobgoblins
  7 kobolds
  2 quokkas (D:1)
  7 ball pythons
  3 frilled lizards (D:1)
218 creatures vanquished.

Vanquished Creatures (collateral kills)
  A centaur (D:8)
1 creature vanquished.

Vanquished Creatures (others)
  A sky beast (D:7)
  2 orcs (D:7)
3 creatures vanquished.

Grand Total: 222 creatures vanquished

Notes
Turn   | Place    | Note
-------+----------+-------------------------------------------
     0 | D:1      | Amplified the Demonspawn Reaver began the quest for the
                  | Orb.
     0 | D:1      | Reached XP level 1. HP: 16/16 MP: 3/3
    49 | D:1      | Found a faded altar of an unknown god.
    57 | D:1      | Prayed at the altar of an unknown god.
    57 | D:1      | Became a worshipper of the Wu Jian Council
    57 | D:1      | Reached * piety under Wu Jian
   114 | D:1      | Learned a level 1 spell: Necrotise
   117 | D:1      | Gained mutation: You are partially covered in sharp spines.
                  | [demonic ancestry]
   117 | D:1      | Reached XP level 2. HP: 22/22 MP: 5/5
   406 | D:1      | Reached skill level 3 in Maces & Flails
   629 | D:1      | Reached skill level 1 in Necromancy
   634 | D:1      | Gained mutation: Your touch may inflict minor irresistible
                  | damage on your foes. [demonic ancestry]
   634 | D:1      | Reached XP level 3. HP: 25/28 MP: 6/6
  1172 | D:2      | Reached ** piety under Wu Jian
  1728 | D:3      | Found a shimmering blue altar of Sif Muna.
  1747 | D:3      | Noticed Grinder
  1777 | D:4      | Reached XP level 4. HP: 4/34 MP: 7/7
  1790 | D:4      | Noticed a scorpion
  1887 | D:4      | Found a burning altar of Makhleb.
  2009 | D:4      | Noticed a lemure
  2010 | D:4      | Noticed Pikel
  2010 | D:4      | Noticed a lemure
  2012 | D:4      | Noticed a lemure
  2032 | D:4      | Killed Pikel
  2033 | D:4      | Reached skill level 4 in Maces & Flails
  2033 | D:4      | Gained mutation: Your touch may inflict irresistible damage
                  | on your foes. [demonic ancestry]
  2033 | D:4      | Reached XP level 5. HP: 4/42 MP: 8/10
  2033 | D:4      | Gained mutation: You have a somewhat thin skeletal
                  | structure. (Dex +2, Stealth+) [demonic ancestry]
  2033 | D:4      | Reached XP level 6. HP: 4/48 MP: 8/11
  2033 | D:4      | Reached XP level 7. HP: 5/54 MP: 8/12
  2271 | D:4      | Learned a level 3 spell: Vampiric Draining
  2636 | D:4      | Identified the +0 pair of gloves of Liberalism {Rampage
                  | +Blink SInv}
  2963 | D:5      | Entered Level 5 of the Dungeon
  2965 | D:5      | Found an opulent altar of Gozag.
  3121 | D:5      | Noticed Menkaure
  3130 | D:5      | Killed Menkaure
  3294 | D:5      | Reached skill level 5 in Fighting
  3294 | D:5      | Reached skill level 5 in Maces & Flails
  3333 | D:5      | Gained mutation: A weak demonic guardian rushes to your
                  | aid. [demonic ancestry]
  3333 | D:5      | Reached XP level 8. HP: 34/62 MP: 14/14
  3479 | D:5      | Found a basalt altar of Yredelemnul.
  3678 | D:5      | Reached skill level 5 in Necromancy
  3766 | D:5      | Reached skill level 5 in Spellcasting
  3908 | D:5      | Reached *** piety under Wu Jian
  3935 | D:5      | Noticed Ijyb
  3944 | D:5      | Killed Ijyb
  3984 | D:5      | Found a hide-covered altar of Uskayaw.
  4126 | D:3      | Noticed Jessica
  4132 | D:3      | Killed Jessica
  4150 | D:3      | Killed Grinder
  4176 | D:3      | Noticed Natasha
  4178 | D:3      | Found a snail-covered altar of Cheibriados.
  4184 | D:3      | Killed Natasha
  4204 | D:3      | Noticed Natasha
  4207 | D:3      | Killed Natasha
  4459 | D:3      | Noticed Natasha
  4464 | D:3      | Killed Natasha
  4583 | D:6      | Reached skill level 6 in Maces & Flails
  4587 | D:6      | Reached XP level 9. HP: 67/69 MP: 10/17
  4967 | D:6      | Reached skill level 1 in Stealth
  5021 | D:7      | Found a staircase to the Ecumenical Temple.
  5063 | D:7      | Found a flagged portal.
  5096 | Bailey   | Entered a bailey
  5250 | Bailey   | Noticed an orc knight
  5262 | Bailey   | Killed an orc knight
  5571 | D:7      | Found a bloodstained altar of Trog.
  5735 | D:7      | Noticed Joseph
  5773 | D:7      | Reached skill level 7 in Maces & Flails
  5787 | D:7      | Killed Joseph
  5991 | D:7      | Found a broken altar of Ashenzari.
  6030 | D:7      | Found a blossoming altar of Fedhas.
  6038 | D:7      | Found a shadowy altar of Dithmenos.
  6038 | D:7      | Found an ancient bone altar of Kikubaaqudgha.
  6039 | D:7      | Found a shimmering altar of Xom.
  6171 | D:8      | Gained mutation: Your touch may irresistibly damage your
                  | foes and sap their willpower. [demonic ancestry]
  6171 | D:8      | Reached XP level 10. HP: 77/79 MP: 20/20
  6190 | D:8      | Reached **** piety under Wu Jian
  6319 | D:8      | Found an ornate altar of the Wu Jian Council.
  6717 | D:8      | Paralysed by a hornet for 1 turns
  6753 | D:8      | Noticed a two-headed ogre
  6895 | D:8      | Noticed an ice statue
  7082 | D:8      | Found a stormy altar of Qazlal.
  7281 | D:8      | Noticed a centaur warrior
  7370 | D:9      | Noticed Gastronok
  7590 | D:9      | Reached skill level 5 in Stealth
  7876 | D:9      | Reached skill level 8 in Maces & Flails
  8314 | D:9      | Reached XP level 11. HP: 87/87 MP: 23/23
  8326 | D:9      | Reached skill level 11 in Maces & Flails
  8326 | D:9      | Gained mutation: Your hexes are more powerful. [demonic
                  | ancestry]
  8326 | D:9      | Reached XP level 12. HP: 94/94 MP: 24/24
  8417 | D:9      | Learned a level 3 spell: Summon Guardian Golem
  8429 | D:9      | Noticed a two-headed ogre
  8437 | D:9      | Killed a two-headed ogre
  8448 | D:9      | Noticed a two-headed ogre
  8460 | D:9      | Killed a two-headed ogre
  8461 | D:9      | Reached skill level 1 in Hexes
  8461 | D:9      | Reached skill level 1 in Summonings
  8478 | D:9      | Killed Gastronok
  8922 | D:10     | Entered Level 10 of the Dungeon
  8922 | D:10     | Found the +7 Spriggan's Knife {stab, EV+4 Stlth+}
  8927 | D:10     | Noticed a two-headed ogre
  8940 | D:10     | Found a staircase to the Lair.
  8949 | D:10     | Reached skill level 1 in Short Blades
  9307 | D:10     | Killed a two-headed ogre
  9938 | D:11     | Noticed Erolcha
  9988 | Abyss:2  | Cast into level 2 of the Abyss (Erolcha)
  9990 | Abyss:2  | Found a corrupted altar of Lugonu.
 10111 | Abyss:2  | Noticed a lich
 10167 | Abyss:2  | Noticed a tentacled starspawn
 10206 | Abyss:2  | Learned a level 4 spell: Dispel Undead
 10303 | Abyss:2  | Noticed a cacodemon
 10304 | Abyss:2  | Reached skill level 5 in Short Blades
 10311 | Abyss:2  | Noticed a tentacled starspawn
 10317 | Abyss:2  | Gained mutation: [Your spells are much easier to cast, but
                  | much less powerful.] [a cacodemon]
 10331 | Abyss:2  | HP: 3/76 [cacodemon (16)]
 10331 | Abyss:2  | Slain by an orange demon

Illustrated notes

Levels and vault maps discovered:
D:1:      dpeg_arrival_pond, layout_basic, shapermc_ecumenical_altar_venn,
          grunt_decor_cap
D:2:      layout_loops_cross
D:3:      layout_rooms, mainiacjoe_overflow_cross_hatched, cheibriados_altar_1,
          kennysheep_orc_chapel, uniq_jessica, uniq_grinder, uniq_natasha
D:4:      layout_loops_ring, mainiacjoe_overflow_six_doors_small,
          tso_metal_star, uniq_pikel
D:5:      nicolae_cairo_tiling_very_big, layout_rooms, grunt_gozag_statues,
          nicolae_uskayaw_suspiria, yredelemnul_altar_generic, serial_glass,
          glass_columns_a, glass_columns_a, uniq_ijyb, uniq_menkaure
D:6:      layout_rooms, nrook_uturn
D:7:      layout_rooms, mainiacjoe_overflow_catwalk,
          chequers_temple_overflow_statue_of_worship, trog_ov_bears_minmay,
          minmay_temple_entry_drinking_statues, enter_bailey_3, uniq_joseph
D:8:      layout_cave_pools, overflow_temple_1_default, old_standard_altar,
          nzn_random_ring
D:9:      minmay_general_purpose_star, layout_basic, serial_bayou_pond_c,
          chequers_garden, uniq_gastronok
D:10:     layout_rooms, lair_entry_dummy, minmay_circle_x
D:11:     wad_guarded_room, layout_basic, orc_0_dummy, serial_demonic,
          serial_demonic_f, serial_demonic_d, serial_demonic_g,
          serial_demonic_f, serial_demonic_b, serial_demonic_f,
          serial_demonic_a, special_room [special_room_kobold], st_stairs_9,
          corexii_checkpoint_a, uniq_erolcha
Abyss:2:  base: Temple, hangedman_abyss_or_decor_clamps

Skill      XL: |  1  2  3  4  5  6  7  8  9 10 11 12 |
---------------+-------------------------------------+-----
Maces & Flails | 3 4 5 6 7 8 11 | 11.8
Necromancy     | 1 3 4 6 |  6.4
Fighting       | 4 5 6 7 8 9 |  9.1
Spellcasting   | 3 4 5 6 8 |  8.3
Stealth        | 3 5 6 |  6.3
Hexes          | 1 |  1.6
Summonings     | 1 |  1.8
Short Blades   | 5 |  5.3
Dodging        | |  1.7
Conjurations   | |  3.0

Action                     |  1- 3 |  4- 6 |  7- 9 | 10-12 || total
---------------------------+-------+-------+-------+-------++-------
  Melee: Mace              |    86 |    16 |       |       ||   102
         Touch             |     9 |     3 |    66 |    70 ||   148
         Whip              |       |       |   254 |   190 ||   444
         Punch             |       |       |     4 |     6 ||    10
         Knife             |       |       |       |   114 ||   114
  Throw: Dart              |       |     1 |    11 |       ||    12
   Cast: Vampiric Draining |       |       |    15 |    15 ||    30
 Invoke: Serpent's Lash    |       |       |     3 |     2 ||     5
Ability: Lunge             |    11 |       |    36 |    17 ||    64
         Whirlwind         |     2 |       |     3 |     2 ||     7
         Wall Jump         |       |       |     5 |       ||     5
  Evoke: Wand              |       |       |    10 |    18 ||    28
    Use: Scroll            |     5 |     1 |     8 |     7 ||    21
         Potion            |     1 |     2 |     5 |    17 ||    25
   Stab: Invisible         |     1 |       |     4 |     5 ||    10
         Sleeping          |       |       |    21 |     8 ||    29
         Paralysed         |       |       |     8 |     6 ||    14
         Distracted        |       |       |     2 |     5 ||     7
 Armour: Leather armour    |    25 |       |    14 |       ||    39
         Ring mail         |       |       |    41 |    72 ||   113
         Skin              |       |       |       |    15 ||    15
  Dodge: Dodged            |    40 |     5 |    77 |   129 ||   251
